 Dungeon Crawl Stone Soup version 0.28.0-1-gb440e238dd (webtiles) character file.

Game seed: 11596676024518951858

77 zeram the Sneak (level 4, -3/32 HPs)
             Began as a Gnoll Enchanter on Feb 26, 2022.
             Slain by Robin (10 damage)
             ... on level 2 of the Dungeon.
             The game lasted 00:03:24 (2499 turns).

zeram the Sneak (Gnoll Enchanter)                   Turns: 2499, Time: 00:03:25

Health: -3/32      AC:  3    Str:  8    XL:     4   Next: 33%
Magic:  5/11       EV: 13    Int: 16    God:
Gold:   108        SH:  0    Dex: 12    Spells: 8/13 levels left

rFire   . . .      SeeInvis .   a - +1 dagger
rCold   . . .      Faith    .   (no shield)
rNeg    . . .      Spirit   .   b - +0 robe
rPois   .          Reflect  .   h - +0 helmet
rElec   .          Harm     .   (no cloak)
rCorr   .          Rampage  .   (no gloves)
Will    .....                   (no boots)
Stlth   +++.......              (no amulet)
HPRegen 0.10/turn               (no ring)
MPRegen 0.12/turn               (no ring)

@: no status effects
A: fangs 1, strong nose, distributed training
a: no special abilities


You were on level 2 of the Dungeon.
You visited 1 branch of the dungeon, and saw 2 of its levels.

You collected 108 gold pieces.

Inventory:

Hand Weapons
 a - a +1 dagger (weapon)
Armour
 b - a +0 robe (worn)
 d - a +0 plate armour
 h - a +0 helmet (worn)
Scrolls
 c - a scroll of immolation {unknown}
 f - 2 scrolls of fear
 g - a scroll of fog {unknown}
 i - 2 scrolls of identify {unknown}
Potions
 e - a potion of curing {unknown}


   Skills:
 + Level 1.1 Fighting
 + Level 2.7 Short Blades
 + Level 1.1 Long Blades
 + Level 1.1 Axes
 + Level 1.1 Maces & Flails
 + Level 1.1 Polearms
 + Level 1.1 Staves
 + Level 1.1 Slings
 + Level 1.1 Bows
 + Level 1.1 Crossbows
 + Level 1.1 Throwing
 + Level 1.1 Armour
 + Level 4.6 Dodging
 + Level 6.0 Stealth
 + Level 1.1 Shields
 + Level 1.1 Unarmed Combat
 + Level 5.0 Spellcasting
 + Level 0.8 Conjurations
 + Level 5.4 Hexes
 + Level 0.8 Summonings
 + Level 0.8 Necromancy
 + Level 0.8 Translocations
 + Level 0.8 Transmutations
 + Level 0.8 Fire Magic
 + Level 0.8 Ice Magic
 + Level 0.8 Air Magic
 + Level 0.8 Earth Magic
 + Level 0.8 Poison Magic
 + Level 1.2 Invocations
 + Level 1.1 Evocations


You had 8 spell levels left.
You knew the following spells:

 Your Spells              Type           Power      Damage    Failure   Level
a - Ensorcelled Hibernat  Hex/Ice        28%        N/A       6%          2
b - Tukima's Dance        Hex            21%        N/A       4%          3

Your spell library contained the following spells:

 Spells                   Type           Power      Damage    Failure   Level
 Confusing Touch          Hex            21%        N/A       4%          3
 Dazzling Flash           Conj/Hex       28%        N/A       12%         3


Dungeon Overview and Level Annotations

Branches:
Dungeon (2/15)

Altars:

Annotations:
D:2 1 runed translucent door, Crazy Yiuf, Robin


Innate Abilities, Weirdness & Mutations

You have very sharp teeth.
Your uncanny sense of smell can sniff out nearby items.
Your experience applies equally to all skills.


Message History

A hobgoblin comes into view.
The goblin closely misses you.
Casting: Ensorcelled Hibernation (safe; 6% risk of failure)
Confirm with . or Enter, or press ? or * to list all spells.
Aiming: Ensorcelled Hibernation (safe; 6% risk of failure)
Press: ? - help, Shift-Dir - straight line, f - goblin
Aim: a goblin, wielding a +0 club (strong, chance to affect: 65%)
The goblin resists with significant effort.
The goblin closely misses you. The goblin hits you with a +0 club.
Casting: Ensorcelled Hibernation (safe; 6% risk of failure)
Confirm with . or Enter, or press ? or * to list all spells.
Aiming: Ensorcelled Hibernation (safe; 6% risk of failure)
Press: ? - help, Shift-Dir - straight line, f/p - goblin
Aim: a goblin, wielding a +0 club (strong, chance to affect: 65%)
The goblin looks drowsy...
The goblin misses you.
The helpless goblin fails to defend itself.
You impale the goblin!!
You kill the goblin!
The goblin closely misses you.
A goblin comes into view. It is wielding a +0 club.
Casting: Ensorcelled Hibernation (safe; 6% risk of failure)
Confirm with . or Enter, or press ? or * to list all spells.
Aiming: Ensorcelled Hibernation (safe; 6% risk of failure)
Press: ? - help, Shift-Dir - straight line, f - hobgoblin
Aim: a hobgoblin (strong, chance to affect: 65%)
The hobgoblin resists with significant effort.
The goblin shouts!
The goblin barely misses you. The hobgoblin misses you.
You completely miss the goblin. The hobgoblin hits you.
The goblin closely misses you.
You hit the goblin. Your bite misses the goblin.
The goblin is moderately wounded.
The goblin closely misses you.
Robin hits you from afar with a +5 trident!
* * * LOW HITPOINT WARNING * * *
The hobgoblin barely misses you.
You hit the goblin.
The goblin is heavily wounded.
Robin hits you from afar with a +5 trident!
You die... #.# #.# #.# #.# #.# #.# #.# #.# #.# #.##### #.#.# #.# #.....# ..# #.# #.# #####.# ### ## #.# #.# #.# #^# #.####### #.# #.# #gggg@g.#

#.# #.#
#######.#
###.#
#####.#
#.### #...#
......#
#...# #.###
#######
###.# #.# #
#.# #.# #
#.# #.# ##
#.# #.#
.##########
#.# #.#


You could see Robin, 2 hobgoblins and 2 goblins.

Vanquished Creatures
  2 adders (D:2)
  2 dart slugs (D:2)
  3 bats
  7 endoplasms
  3 giant cockroaches
  5 goblins
  7 hobgoblins
  3 quokkas
  5 ball pythons
  2 frilled lizards (D:1)
  3 kobolds (D:1)
  7 rats
49 creatures vanquished.

Vanquished Creatures (others)
  A fungus (D:2)
1 creature vanquished.

Grand Total: 50 creatures vanquished

Notes
Turn   | Place    | Note
-------+----------+-------------------------------------------
     0 | D:1      | zeram the Gnoll Enchanter began the quest for the Orb.
     0 | D:1      | Reached XP level 1. HP: 13/13 MP: 6/6
   337 | D:1      | Reached XP level 2. HP: 19/19 MP: 7/7
   752 | D:1      | Learned a level 2 spell: Ensorcelled Hibernation
   988 | D:1      | Reached XP level 3. HP: 23/25 MP: 9/9
  1039 | D:1      | Reached skill level 5 in Spellcasting
  1124 | D:1      | Reached skill level 6 in Stealth
  1508 | D:2      | Reached skill level 1 in Invocations
  2021 | D:2      | Reached skill level 1 in Fighting
  2021 | D:2      | Reached skill level 1 in Long Blades
  2021 | D:2      | Reached skill level 1 in Axes
  2021 | D:2      | Reached skill level 1 in Maces & Flails
  2021 | D:2      | Reached skill level 1 in Polearms
  2021 | D:2      | Reached skill level 1 in Staves
  2021 | D:2      | Reached skill level 1 in Slings
  2021 | D:2      | Reached skill level 1 in Bows
  2021 | D:2      | Reached skill level 1 in Crossbows
  2021 | D:2      | Reached skill level 1 in Throwing
  2021 | D:2      | Reached skill level 1 in Armour
  2021 | D:2      | Reached skill level 1 in Shields
  2021 | D:2      | Reached skill level 1 in Unarmed Combat
  2021 | D:2      | Reached skill level 1 in Evocations
  2024 | D:2      | Reached XP level 4. HP: 32/32 MP: 8/11
  2028 | D:2      | Learned a level 3 spell: Tukima's Dance
  2287 | D:2      | Found a runed translucent door.
  2288 | D:2      | Noticed Crazy Yiuf
  2486 | D:2      | Noticed Robin
  2499 | D:2      | Slain by Robin

Illustrated notes

Levels and vault maps discovered:
D:1:      minmay_arrival_stair_chambers, layout_loops_corners, minmay_3d_cube
D:2:      layout_loops_ring, uniq_crazy_yiuf_cottage, uniq_robin

Skill      XL: |  1  2  3 |
---------------+----------+-----
Spellcasting   | 5 |  5.0
Stealth        | 6 |  6.0
Invocations    | 1 |  1.2
Fighting       | 1 |  1.1
Long Blades    | 1 |  1.1
Axes           | 1 |  1.1
Maces & Flails | 1 |  1.1
Polearms       | 1 |  1.1
Staves         | 1 |  1.1
Slings         | 1 |  1.1
Bows           | 1 |  1.1
Crossbows      | 1 |  1.1
Throwing       | 1 |  1.1
Armour         | 1 |  1.1
Shields        | 1 |  1.1
Unarmed Combat | 1 |  1.1
Evocations     | 1 |  1.1
Short Blades   | |  2.7
Dodging        | |  4.6
Conjurations   | |  0.8
Hexes          | |  5.4
Summonings     | |  0.8
Necromancy     | |  0.8
Translocations | |  0.8
Transmutations | |  0.8
Fire Magic     | |  0.8
Ice Magic      | |  0.8
Air Magic      | |  0.8
Earth Magic    | |  0.8
Poison Magic   | |  0.8

Action                   |  1- 3 |  4- 6 || total
-------------------------+-------+-------++-------
Melee: Dagger            |   107 |    33 ||   140
       Bite              |     4 |     1 ||     5
 Cast: Ensorcelled Hiber |     9 |     7 ||    16
  Use: Scroll            |     2 |       ||     2
       Potion            |       |     1 ||     1
 Stab: Sleeping          |    23 |     1 ||    24
       Invisible         |       |     1 ||     1
Armor: Robe              |    17 |     4 ||    21
Dodge: Dodged            |    67 |    32 ||    99
